[Event "Team 45 45 League T43"]
[Site "Internet Chess Club"]
[Date "2009.12.23"]
[Round "8"]
[White "trucazzo"]
[Black "Ser-Enigma"]
[Result "1-0"]
[WhiteElo "2163"]
[BlackElo "2140"]
[Opening "Sicilian: Alapin's variation (2.c3)"]
[ECO "B22"]
[Time "16:17:03"]
[TimeControl "2700+45"]

1. e4 c5 2. c3 Nf6 3. e5 Nd5 4. d4 cxd4 5. Nf3 Nc6 6. Bc4 Nb6 7. Bb3 d5 8. exd6
Qxd6 9. O-O Be6 10. Bxe6 Qxe6 11. Nxd4 Nxd4 12. cxd4 Rd8 13. Nc3 Qd7 14. Qb3 e6
15. Bg5 f6 16. Bf4 g5 17. Bg3 Kf7 18. Rac1 Be7 19. Rfe1 Rc8 20. Re2 Rc6 21. Rce1
Re8 22. a4 Bd8 23. a5 Nd5 24. Nxd5 exd5 25. Rxe8 Qxe8 26. Qxd5+ Kg6 27. Kf1 Qf8
28. h4 gxh4 29. Bxh4 Rd6 30. Qe4+ f5 31. Qf4 Bxh4 32. Qxh4 Qf6 33. Qxf6+ Kxf6
34. Rd1 Ke6 35. Ke2 Kd5 36. Kd3 Re6 37. Rc1 b6 38. Rc7 bxa5 39. Rc5+ Kd6 40.
Rxf5 Rg6 41. g3 Kc6 42. Rxa5 Kb6 43. Rh5 h6 44. Ke4 a5 45. d5 a4 46. Ke5 Kc5 47.
Rh4 Rg5+ 48. Kf6 Rxd5 49. Rxa4 Rd2 50. Rf4 Rxb2 51. Kg6 Kd5 52. Kxh6 Ke5 53. Rf8
Rb6+ 54. Kg5 Ke4 55. f4 Kf3 56. f5 Kxg3 57. f6 Rb5+ 58. Kg6 Kf4 59. Rc8 Rg5+ 60.
Kh6 Rf5 61. Kg7 Rg5+ 62. Kf8 Kf5 63. f7 Rg1 64. Ke7 Re1+ 65. Kd7 Rd1+ 66. Kc7
Rc1+ 67. Kb7 Rb1+ 68. Ka6 Ra1+ 69. Kb5 Rb1+ 70. Ka4 Kg6 71. f8=Q {Black resigns}
1-0

[Event "Team 45 45 League T43"]
[Site "Internet Chess Club"]
[Date "2009.12.21"]
[Round "8"]
[White "gaibo4ever"]
[Black "PopolVuh"]
[Result "1/2-1/2"]
[WhiteElo "2085"]
[BlackElo "1906"]
[Opening "King's Indian: fianchetto without c4"]
[ECO "A49"]
[Time "16:03:37"]
[TimeControl "2700+45"]

1. Nf3 Nf6 2. g3 g6 3. d4 Bg7 4. Bg2 O-O 5. c4 c5 6. O-O cxd4 7. Nxd4 Nc6 8. Nc3
Ng4 9. Nxc6 dxc6 10. Bf4 Qxd1 11. Rfxd1 Ne5 12. Bxe5 Bxe5 13. Rac1 Be6 14. b3
Rad8 15. Ne4 Bc7 16. Nc5 Bc8 17. b4 Rxd1+ 18. Rxd1 Rd8 19. Rxd8+ Bxd8 20. b5
cxb5 21. cxb5 b6 22. Nb3 Be6 23. Nd4 Bxa2 24. Nc6 Bc7 25. Nxe7+ Kf8 26. Nc6 Bc4
27. Nxa7 Bxe2 28. f4 Bb8 29. Nc6 Bd6 30. Bf1 Bf3 31. Kf2 Bxc6 32. bxc6 Ke7 33.
Kf3 Bc5 34. Bc4 Bd6 35. Ke4 f5+ 36. Kf3 h5 37. Bb5 Bc7 38. Ke3 Bb8 39. Kd4 h4
40. Kd5 hxg3 41. hxg3 Kf6 42. Bd3 g5 {Game drawn by mutual agreement} 1/2-1/2

[Event "Team 45 45 League T43"]
[Site "Internet Chess Club"]
[Date "2009.12.28"]
[Round "8"]
[White "Uwak"]
[Black "SlimeDog2"]
[Result "1-0"]
[WhiteElo "2381"]
[BlackElo "2188"]
[Opening "Grünfeld: exchange, Spassky variation"]
[ECO "D87"]
[Time "00:02:13"]
[TimeControl "2700+45"]

1. d4 Nf6 2. c4 g6 3. Nc3 d5 4. cxd5 Nxd5 5. e4 Nxc3 6. bxc3 Bg7 7. Bc4 c5 8.
Ne2 O-O 9. O-O Nc6 10. Be3 Bd7 11. Rb1 Qc7 12. Bf4 Qc8 13. d5 Na5 14. Bd3 e5 15.
Be3 b6 16. Qd2 Nb7 17. Ba6 Qc7 18. Bxb7 Qxb7 19. Bxc5 Rfc8 20. Be3 Qa6 21. Rfc1
Rc4 22. f3 Ra4 23. Rc2 Bb5 24. Nc1 Rb8 25. Rcb2 Bc4 26. h4 Bf8 27. h5 Ba3 28.
Rc2 Bxc1 29. Rbxc1 f6 30. Qf2 g5 31. h6 Kf7 32. Rd1 Bxa2 33. f4 gxf4 34. Bxf4
exf4 35. Qxf4 Rf8 36. Qc7+ Ke8 37. d6 {Black resigns} 1-0

[Event "Team 45 45 League T43"]
[Site "Internet Chess Club"]
[Date "2009.12.21"]
[Round "8"]
[White "Aguiar94"]
[Black "spacecadet"]
[Result "1-0"]
[WhiteElo "2296"]
[BlackElo "2138"]
[Opening "Sicilian: Pelikan (Lasker/Sveshnikov) variation"]
[ECO "B33"]
[Time "13:02:12"]
[TimeControl "2700+45"]

1. e4 c5 2. Nf3 Nc6 3. d4 cxd4 4. Nxd4 Nf6 5. Nc3 e5 6. Ndb5 d6 7. Nd5 Nxd5 8.
exd5 Nb8 9. c4 a6 10. Nc3 Be7 11. Bd3 O-O 12. O-O f5 13. f3 Nd7 14. Kh1 Nc5 15.
Bc2 a5 16. a3 Bd7 17. Be3 Qc7 18. Rc1 Na6 19. Qe2 Rac8 20. Bb3 Nc5 21. Bc2 Na6
22. b3 b6 23. Nb5 Qd8 24. Qf2 Nc5 25. b4 axb4 26. axb4 Bxb5 27. cxb5 Nd7 28. Bb1
Rxc1 29. Rxc1 Bg5 30. Rc6 Bxe3 31. Qxe3 Qf6 32. Rc7 Qf7 33. h3 Rd8 34. Qe2 g6
35. Qc4 e4 36. fxe4 fxe4 37. Bxe4 Qf6 38. Bf3 Re8 39. Rxd7 Re1+ 40. Kh2 Qe5+ 41.
g3 Qb2+ 42. Bg2 Rc1 43. Qh4 {Black resigns} 1-0

[Event "Team 45 45 League T43"]
[Site "Internet Chess Club"]
[Date "2009.12.17"]
[Round "8"]
[White "nardz"]
[Black "adh2050"]
[Result "1/2-1/2"]
[WhiteElo "2134"]
[BlackElo "2073"]
[Opening "Queen's pawn: Torre attack"]
[ECO "A45"]
[Time "20:15:19"]
[TimeControl "2700+45"]

1. d4 Nf6 2. Bg5 e6 3. Nf3 h6 4. Bh4 d6 5. e3 g5 6. Bg3 Nh5 7. Bd3 Bg7 8. Nfd2
Nxg3 9. hxg3 Nd7 10. c3 c5 11. Nf3 a6 12. a4 b6 13. Nbd2 Bb7 14. Be4 Bxe4 15.
Nxe4 Qc7 16. b4 d5 17. Ned2 c4 18. Qe2 a5 19. b5 O-O-O 20. e4 Rde8 21. O-O f5
22. e5 Nf8 23. Ne1 h5 24. Nc2 Ng6 25. f3 f4 26. g4 hxg4 27. fxg4 Bf8 28. Nf3 Be7
29. Kf2 Rh6 30. Rh1 Reh8 31. Rxh6 Rxh6 32. Rf1 Kb7 33. Qd1 Qd8 34. Rh1 Qh8 35.
Rxh6 Qxh6 36. Qg1 Qh7 37. Qd1 Nh8 38. Qe2 Nf7 39. Kg1 Nh6 40. Nfe1 Qe4 41. Qf3
Kc7 42. Kf2 Kd7 43. Qh3 Qg6 44. Qf3 Nf7 45. Qh3 Qg7 46. Nf3 Qg6 47. Nfe1 Kc7 48.
Qh5 Qg7 49. Nf3 Kd7 50. Kg1 Nh6 51. Kf2 Qh7 52. Nfe1 Qg7 53. Nf3 Qh7 54. Nfe1
{Game drawn by mutual agreement} 1/2-1/2

[Event "Team 45 45 League T43"]
[Site "Internet Chess Club"]
[Date "2009.12.22"]
[Round "8"]
[White "Cristina"]
[Black "PaulKaspar"]
[Result "1/2-1/2"]
[WhiteElo "2043"]
[BlackElo "1899"]
[Opening "Caro-Kann: classical, 6.h4"]
[ECO "B19"]
[Time "10:04:32"]
[TimeControl "2700+45"]

1. e4 c6 2. d4 d5 3. Nc3 dxe4 4. Nxe4 Bf5 5. Ng3 Bg6 6. h4 h6 7. Nf3 e6 8. Ne5
Bh7 9. Qh5 g6 10. Qf3 f6 11. Nd3 Qxd4 12. Be3 Qa4 13. Ne4 Nd7 14. Nc3 Qa5 15.
O-O-O O-O-O 16. g4 Ne7 17. g5 Nf5 18. Bd2 Be7 19. Kb1 hxg5 20. Ne4 Qc7 21. hxg5
Ne5 22. Nxe5 Qxe5 23. gxf6 Bxf6 24. Nxf6 Qxf6 25. Bc4 Bg8 26. Bc3 Rxd1+ 27. Rxd1
e5 {Game drawn by mutual agreement} 1/2-1/2

[Event "Team 45 45 League T43"]
[Site "Internet Chess Club"]
[Date "2009.12.17"]
[Round "8"]
[White "oldsj"]
[Black "thefranman"]
[Result "1-0"]
[WhiteElo "1607"]
[BlackElo "1496"]
[Opening "Sicilian: Najdorf, 7...Be7"]
[ECO "B98"]
[Time "13:01:09"]
[TimeControl "2700+45"]

1. e4 c5 2. Nf3 d6 3. d4 cxd4 4. Nxd4 Nf6 5. Nc3 a6 6. Bg5 e6 7. f4 Be7 8. Qf3
Qb6 9. O-O-O Qc7 10. g4 O-O 11. h4 Nc6 12. h5 b5 13. Bh4 Nxd4 14. Rxd4 e5 15.
fxe5 dxe5 16. Rd2 Bb4 17. Rd3 Bb7 18. Bxf6 gxf6 19. Qxf6 Rac8 20. h6 {Black
resigns} 1-0

[Event "Team 45 45 League T43"]
[Site "Internet Chess Club"]
[Date "2009.12.18"]
[Round "8"]
[White "scottrugby"]
[Black "badmove"]
[Result "1/2-1/2"]
[WhiteElo "1575"]
[BlackElo "1623"]
[Opening "Scotch gambit: Dubois-Réti defense"]
[ECO "C55"]
[Time "15:00:09"]
[TimeControl "2700+45"]

1. e4 e5 2. Nf3 Nc6 3. d4 exd4 4. Bc4 Nf6 5. e5 Ng4 6. Qe2 Qe7 7. Bf4 f6 8. exf6
gxf6 9. Nbd2 d6 10. Nb3 Nge5 11. O-O-O Nxc4 12. Qxc4 Be6 13. Qe2 Bxb3 14. Qxe7+
Kxe7 15. axb3 Bg7 16. Nxd4 Nxd4 17. Rxd4 Rae8 18. Be3 Kd7 {Game drawn by mutual
agreement} 1/2-1/2

[Event "Team 45 45 League T43"]
[Site "Internet Chess Club"]
[Date "2009.12.22"]
[Round "8"]
[White "beerss"]
[Black "Just-Jim"]
[Result "0-1"]
[WhiteElo "1345"]
[BlackElo "1470"]
[Opening "Bird's opening"]
[ECO "A03"]
[Time "18:00:14"]
[TimeControl "2700+45"]

1. f4 d5 2. Nf3 Bf5 3. e3 e6 4. b3 Nc6 5. Bb5 Ne7 6. Bb2 a6 7. Be2 h6 8. a3 Ng6
9. d3 Nh4 10. Nxh4 Qxh4+ 11. g3 Qd8 12. Nd2 d4 13. e4 Bh7 14. Nf3 Be7 15. O-O
O-O 16. c3 dxc3 17. Bxc3 Bc5+ 18. d4 Bb6 19. e5 Be4 20. Rc1 Rb8 21. b4 Bxf3 22.
Bxf3 Bxd4+ 23. Bxd4 Nxd4 24. Kg2 Nf5 25. Kf2 c6 26. Re1 Qd4+ 27. Qxd4 Nxd4 28.
Rc3 Rfd8 29. Be4 Nb5 30. Rce3 Rd2+ 31. R1e2 Rxe2+ 32. Kxe2 Rd8 33. a4 Nd4+ 34.
Ke1 Nf5 35. Bxf5 exf5 36. Ke2 Rd4 37. Rd3 Rxb4 38. Rd8+ Kh7 39. Rd7 Kg6 40. Rd6+
f6 41. e6 Re4+ 42. Kf3 c5 43. Rd7 Rxe6 44. Rxb7 Rc6 45. Rb1 c4 46. Rc1 c3 47. h3
c2 48. Ke3 Rc3+ 49. Kf2 h5 50. Kg2 h4 51. gxh4 Kh5 52. Kf2 Kxh4 53. Ke2 Rc4 54.
Kd2 Rxa4 55. Rxc2 Rxf4 56. Ra2 Rf2+ {White resigns} 0-1

[Event "Team 45 45 League T43"]
[Site "Internet Chess Club"]
[Date "2009.12.21"]
[Round "8"]
[White "hcarstens"]
[Black "chips"]
[Result "1-0"]
[WhiteElo "1238"]
[BlackElo "1220"]
[Opening "Blackmar gambit"]
[ECO "B01"]
[Time "15:22:23"]
[TimeControl "2700+45"]

1. e4 d5 2. d4 dxe4 3. Nc3 Nf6 4. Bc4 Bg4 5. Nge2 c5 6. dxc5 Qxd1+ 7. Nxd1 Nc6
8. Ne3 Bxe2 9. Bxe2 e6 10. O-O Bxc5 11. Bd2 Bxe3 12. fxe3 a6 13. Rad1 O-O-O 14.
a3 Rd7 15. Bc3 Rxd1 16. Rxd1 e5 17. b4 Rd8 18. Ra1 Nd5 19. Bd2 Nf6 20. Be1 Nd5
21. Bf2 Nc3 22. Bg4+ Kb8 23. Be1 Nd5 24. Kf2 g6 25. c4 Nf6 26. h3 Nxg4+ 27. hxg4
Rd3 28. b5 axb5 29. cxb5 Nd8 30. Ke2 Ne6 31. Bb4 Nc7 32. a4 Nd5 33. Bd6+ Ka8 34.
Rc1 Nc3+ 35. Kf2 Nd1+ 36. Ke2 Rxd6 37. Rxd1 Rxd1 38. Kxd1 Ka7 39. a5 h6 40. Kd2
f6 41. Kc3 h5 42. gxh5 gxh5 43. Kc4 b6 44. a6 f5 45. Kd5 f4 46. Kxe4 h4 47. exf4
exf4 48. Kxf4 Kb8 49. Kg4 Kc7 50. Kxh4 Kb8 51. g4 Ka7 52. g5 Kb8 53. g6 Ka7 54.
g7 Kb8 55. g8=Q+ Ka7 56. Qf7+ Ka8 57. Qb7# {Black checkmated} 1-0

[Event "Team 45 45 League T43"]
[Site "Internet Chess Club"]
[Date "2009.12.17"]
[Round "8"]
[White "check-man"]
[Black "mongmong"]
[Result "1/2-1/2"]
[WhiteElo "1535"]
[BlackElo "1648"]
[Opening "French: exchange variation"]
[ECO "C01"]
[Time "19:01:32"]
[TimeControl "2700+45"]

1. e4 e6 2. d4 d5 3. exd5 exd5 4. Nc3 Nf6 5. Bf4 Bb4 6. Bd2 O-O 7. Nf3 Bg4 8.
Be2 Re8 9. O-O c6 10. Re1 Nbd7 11. a3 Bd6 12. h3 Bh5 13. Ng5 Bxe2 14. Rxe2 Qc7
15. Nf3 Rxe2 16. Nxe2 Re8 17. Bb4 Bxb4 18. axb4 a6 19. Qd3 Qd6 20. Qd2 Ne4 21.
Qe1 Qe7 22. Nf4 Nef6 23. Qxe7 Rxe7 24. Nd3 Kf8 25. Nfe5 Nxe5 26. Nxe5 Nd7 27.
Re1 f6 28. Nxd7+ Rxd7 29. Kf1 Re7 30. Rxe7 Kxe7 31. Ke2 Ke6 32. Kf3 f5 33. Kf4
Kf6 34. h4 g6 35. f3 h6 36. g4 g5+ 37. hxg5+ hxg5+ 38. Ke3 fxg4 39. fxg4 Ke6 40.
Kd3 Kd6 41. c4 dxc4+ 42. Kxc4 b6 43. b3 Ke6 44. Kc3 Kd5 45. Kd3 a5 46. bxa5 bxa5
47. Ke3 c5 48. dxc5 Kxc5 49. Kd3 Kb4 50. Kc2 Ka3 51. Kc3 Ka2 52. Kc2 Ka3 53. Kc3
Ka2 54. Kc2 Ka3 {Game drawn by repetition} 1/2-1/2

[Event "Team 45 45 League T43"]
[Site "Internet Chess Club"]
[Date "2009.12.18"]
[Round "8"]
[White "oldprez"]
[Black "juniorVishy"]
[Result "0-1"]
[WhiteElo "1447"]
[BlackElo "1501"]
[Opening "Sicilian: accelerated fianchetto, Maróczy bind, 5...Bg7"]
[ECO "B37"]
[Time "19:00:12"]
[TimeControl "2700+45"]

1. e4 c5 2. Nf3 Nc6 3. d4 cxd4 4. Nxd4 g6 5. c4 Bg7 6. Nxc6 dxc6 7. Qxd8+ Kxd8
8. Nc3 Be6 9. Be3 Kc7 10. Bf4+ Kc8 11. Be2 Nf6 12. O-O-O Rd8 13. h3 Nh5 14. Bh2
Bh6+ 15. Kb1 Nf4 16. Bxf4 Bxf4 17. g3 Bd6 18. f4 f6 19. h4 Kc7 20. Nd5+ cxd5 21.
cxd5 Bf7 22. Rc1+ Kb6 23. Rc3 a6 24. Rhc1 e6 25. Rb3+ Ka7 26. Bf3 exd5 27. exd5
Rac8 28. Rd1 Bb8 29. Rb4 Bd6 30. Ra4 Bc7 31. Rdd4 Bb6 32. Rd3 Rd7 33. d6 Rcd8
34. Bxb7 Kxb7 35. Re4 g5 36. hxg5 Bg6 37. Re7 Rxe7 38. dxe7 Rxd3 39. a3 fxg5 40.
f5 Bf7 41. Kc2 Rxg3 {White resigns} 0-1

[Event "Team 45 45 League T43"]
[Site "Internet Chess Club"]
[Date "2009.12.19"]
[Round "8"]
[White "zigzag2002"]
[Black "TomBolini"]
[Result "1-0"]
[WhiteElo "1506"]
[BlackElo "1372"]
[Opening "English: symmetrical, Benoni formation"]
[ECO "A31"]
[Time "17:00:12"]
[TimeControl "2700+45"]

1. d4 Nf6 2. c4 c5 3. Nf3 cxd4 4. Nxd4 Nc6 5. Nxc6 bxc6 6. Nc3 e5 7. e4 Bb4 8.
Bd3 d5 9. exd5 cxd5 10. O-O Bxc3 11. bxc3 e4 12. Re1 O-O 13. Be2 Qa5 14. Qd4 Rb8
15. cxd5 Nxd5 16. Bd2 Bb7 17. c4 Nb4 18. Reb1 Nc2 19. Bxa5 Nxd4 20. Bd1 Ba6 21.
Bc3 Rxb1 22. Rxb1 Rd8 23. Bxd4 Bxc4 24. Bxa7 Bxa2 25. Rb8 Rxb8 26. Bxb8 f5 27.
Bc2 Kf7 28. f3 e3 29. Bxf5 Be6 30. Bxh7 {Black resigns} 1-0

[Event "Team 45 45 League T43"]
[Site "Internet Chess Club"]
[Date "2009.12.20"]
[Round "8"]
[White "farbror"]
[Black "baseball613"]
[Result "1/2-1/2"]
[WhiteElo "1237"]
[BlackElo "1259"]
[Opening "Queen's pawn"]
[ECO "A40"]
[Time "09:33:16"]
[TimeControl "2700+45"]

1. d4 c6 2. Nf3 d5 3. e3 Bg4 4. Nbd2 Nf6 5. Bd3 e6 6. O-O c5 7. c3 Nc6 8. Qe2
Qb6 9. e4 dxe4 10. Nxe4 Nxe4 11. Bxe4 cxd4 12. Bxc6+ Qxc6 13. cxd4 Bd6 14. Re1
Rc8 15. Qe4 Bxf3 16. Qxf3 Qxf3 17. gxf3 O-O 18. Be3 Rc2 19. b3 Rfc8 20. d5 Be5
21. Rad1 Rxa2 22. dxe6 fxe6 23. Rd7 Rc7 24. Rxc7 Bxc7 25. Rc1 Be5 26. Rc8+ Kf7
27. Ra8 Rb2 28. b4 Rxb4 29. Rxa7 Kf6 30. Bd2 Rb2 31. f4 Rxd2 32. fxe5+ Kxe5 33.
Rxb7 Kf6 34. Kg2 h5 35. h4 g5 36. hxg5+ Kxg5 37. Re7 Re2 38. Kf1 Re4 39. f3 Re5
40. Kf2 Kf4 41. Rf7+ Kg5 {Game drawn by mutual agreement} 1/2-1/2

[Event "Team 45 45 League T43"]
[Site "Internet Chess Club"]
[Date "2009.12.21"]
[Round "8"]
[White "kingphisch"]
[Black "radiohead"]
[Result "1-0"]
[WhiteElo "1517"]
[BlackElo "1390"]
[Opening "Sicilian: Grand Prix attack"]
[ECO "B23"]
[Time "21:00:42"]
[TimeControl "2700+45"]

1. e4 c5 2. Nc3 Nc6 3. f4 g6 4. Nf3 Bg7 5. Bb5 Nd4 6. O-O Nxb5 7. Nxb5 a6 8. Nc3
b5 9. d3 Bb7 10. Qe1 d6 11. Rb1 Nf6 12. Bd2 O-O 13. Ne2 d5 14. e5 Ne8 15. d4
cxd4 16. Nexd4 Nc7 17. Ng5 h6 18. Ngf3 Qd7 19. Qh4 Ne6 20. f5 Nxd4 21. Nxd4 Bxe5
22. fxg6 Bxd4+ 23. Qxd4 fxg6 24. Bxh6 Rxf1+ 25. Rxf1 e6 26. Qf6 Kh7 27. Rf3 d4
28. Rh3 Bxg2 29. Kxg2 Qd5+ 30. Kg1 Qf5 31. Qe7+ {Black resigns} 1-0

[Event "Team 45 45 League T43"]
[Site "Internet Chess Club"]
[Date "2009.12.22"]
[Round "8"]
[White "MikeA"]
[Black "dpmdpm"]
[Result "1-0"]
[WhiteElo "1828"]
[BlackElo "1251"]
[Opening "Sicilian: Alapin's variation (2.c3)"]
[ECO "B22"]
[Time "08:00:13"]
[TimeControl "2700+45"]

1. e4 c5 2. c3 Nc6 3. Nf3 d6 4. d4 cxd4 5. cxd4 e6 6. Bb5 Bd7 7. O-O g6 8. Nc3
Bg7 9. Re1 a6 10. Bxc6 Bxc6 11. d5 Bd7 12. dxe6 Bxe6 13. Bf4 Bf8 14. Qd4 Nf6 15.
Rad1 Rc8 16. Bg5 Be7 17. e5 dxe5 18. Qxe5 Qc7 19. Bxf6 Bxf6 20. Qxf6 O-O 21. Ng5
Rfe8 22. h4 Bg4 23. Rxe8+ Rxe8 24. f3 Be6 25. h5 Qb6+ 26. Kh1 gxh5 27. Qh6
{Black resigns} 1-0

[Event "Team 45 45 League T43"]
[Site "Internet Chess Club"]
[Date "2009.12.18"]
[Round "8"]
[White "otib2006"]
[Black "lawth3"]
[Result "0-1"]
[WhiteElo "1349"]
[BlackElo "1199"]
[Opening "Queen's pawn: Yusupov-Rubinstein system"]
[ECO "A46"]
[Time "12:00:27"]
[TimeControl "2700+45"]

1. d4 Nf6 2. Nf3 e6 3. e3 c5 4. Bd3 d5 5. O-O Be7 6. Nbd2 Nc6 7. b3 b6 8. Bb2
O-O 9. Qe2 Qc7 10. Rfd1 cxd4 11. Nxd4 Nxd4 12. Bxd4 e5 13. Bb2 e4 14. Bb5 a6 15.
c4 axb5 16. cxd5 Bg4 17. f3 exf3 18. Nxf3 b4 19. e4 Rad8 20. Bd4 Rfe8 21. Bxf6
Bxf6 22. Rac1 Qf4 23. Rc4 Qd6 24. Rc6 Qb8 25. h3 Bd7 26. Rc4 Be7 27. Rcd4 Bf6
28. Rxb4 b5 29. Re1 Bc3 30. Rd4 Bxe1 31. Qxe1 Qb6 32. Kh1 Rc8 33. Qb1 h6 34. Rb4
Qc5 35. Rd4 Qc1+ 36. Qxc1 Rxc1+ 37. Kh2 f6 38. Nh4 g5 39. Nf3 Rec8 40. e5 fxe5
41. Nxe5 Rd8 42. d6 Rc5 43. Re4 Rd5 44. Nxd7 Rxd7 45. Re8+ Kf7 46. Re1 R7xd6 47.
Rf1+ Kg6 48. Ra1 Rd2 49. a4 Ra6 50. Kg3 Rd3+ 51. Kf2 Rxb3 52. Rd1 Rf6+ 53. Kg1
bxa4 54. Ra1 a3 55. Kh2 h5 56. Kg1 h4 57. Kh2 Rf2 58. Kg1 Rfb2 59. Kh2 a2 60.
Kh1 Rb1+ 61. Rxb1 axb1=Q+ 62. Kh2 Qe4 63. Kg1 Qf4 64. g3 Rb1+ 65. Kg2 Rb2+ 66.
Kg1 Qf2+ 67. Kh1 Rb1# {White checkmated} 0-1

[Event "Team 45 45 League T43"]
[Site "Internet Chess Club"]
[Date "2009.12.27"]
[Round "8"]
[White "OOB1"]
[Black "GadsHill"]
[Result "1-0"]
[WhiteElo "1562"]
[BlackElo "1535"]
[Opening "Philidor: Improved Hanham variation"]
[ECO "B07"]
[Time "22:06:13"]
[TimeControl "2700+45"]

1. e4 d6 2. d4 Nf6 3. Nc3 Nbd7 4. Nf3 e5 5. dxe5 dxe5 6. Bd3 Be7 7. b3 c6 8. Bb2
Qc7 9. Ne2 O-O 10. O-O Re8 11. Ng3 Bf8 12. Qd2 Nc5 13. Qe3 Bd7 14. h3 Rad8 15.
Rad1 b5 16. Be2 Bd6 17. Rd2 Ne6 18. Rfd1 Bc5 19. Qc3 Qb6 20. Bd3 Bd4 21. Nxd4
Nxd4 22. Bf1 b4 23. Qe3 c5 24. c3 bxc3 25. Bxc3 Bc6 26. Bc4 Bb5 27. Bxb5 Qxb5
28. Kh1 Nd7 29. Qg5 f6 30. Qg4 Nf8 31. Nf5 Nfe6 32. Nh6+ Kf8 33. Nf5 Qb7 34. Ba5
Rd7 35. f3 Nf4 36. g3 Nfe6 37. h4 g6 38. Ne3 f5 39. exf5 gxf5 40. Nxf5 Qxf3+ 41.
Qxf3 {Black resigns} 1-0

[Event "Team 45 45 League T43"]
[Site "Internet Chess Club"]
[Date "2009.12.21"]
[Round "8"]
[White "sdcohle"]
[Black "rd00d"]
[Result "0-1"]
[WhiteElo "1368"]
[BlackElo "1417"]
[Opening "Queen's gambit declined"]
[ECO "D30"]
[Time "22:00:15"]
[TimeControl "2700+45"]

1. d4 e6 2. c4 d5 3. Nf3 Nf6 4. e3 c5 5. Nc3 cxd4 6. Nxd4 Nc6 7. c5 Bxc5 8. Bb5
Bd7 9. O-O a6 10. Nxc6 bxc6 11. Ba4 O-O 12. a3 Qc7 13. Qf3 Bd6 14. g3 e5 15. e4
Bg4 16. Qg2 Qc8 17. Qh1 d4 18. Nd1 Bh3 19. Re1 c5 20. f3 Rb8 21. Nf2 Bd7 22.
Bxd7 Nxd7 23. Re2 c4 24. Bd2 Nc5 25. Bb4 Qc7 26. Kg2 a5 27. Bxc5 Bxc5 28. Qc1 d3
29. Rd2 Rfd8 30. Qxc4 Qa7 31. Rf1 Bxf2 32. Rfxf2 Rd4 33. Qc3 Qa6 34. Rf1 Rc8 35.
Qb3 Qc4 36. Qxc4 Rcxc4 37. Rfd1 Rc2 38. Kf2 Rxd2+ 39. Rxd2 f6 40. Ke3 Kf7 41.
Rxd3 Rxd3+ 42. Kxd3 Ke6 43. Kc4 Kd6 44. b4 Kc6 45. bxa5 Kb7 46. Kb5 Ka7 47. a6
h6 48. a4 g6 49. a5 h5 50. h4 g5 51. hxg5 fxg5 52. Kc5 h4 53. gxh4 gxh4 54. Kd5
h3 55. Kxe5 h2 56. Kd4 h1=Q 57. f4 Qd1+ 58. Ke5 Qa1+ 59. Kf5 Qxa5+ 60. e5 Qxa6
61. e6 Qb5+ 62. Kf6 Qe8 63. f5 Kb7 64. e7 Kc7 65. Ke6 Qd7+ 66. Kf6 Qd6+ 67. Kf7
Qd5+ 68. Kg7 Kd7 69. f6 Qg5+ 70. Kf7 Qd5+ 71. Kf8 Qa8+ 72. Kf7 Qe8+ 73. Kg7 Ke6
74. f7 Qxf7+ 75. Kh6 Qxe7 76. Kg6 Qf8 77. Kh7 Qf1 78. Kh8 Qg1 79. Kh7 Kf6 80.
Kh8 Qg7# {White checkmated} 0-1

[Event "Team 45 45 League T43"]
[Site "Internet Chess Club"]
[Date "2009.12.19"]
[Round "8"]
[White "wrimle"]
[Black "Conjurer"]
[Result "1-0"]
[WhiteElo "1509"]
[BlackElo "1340"]
[Opening "Sicilian: closed"]
[ECO "B24"]
[Time "17:04:36"]
[TimeControl "2700+45"]

1. e4 c5 2. Nc3 Nc6 3. g3 e5 4. Bg2 Nf6 5. Nge2 Be7 6. O-O O-O 7. d3 d6 8. h3
Be6 9. Nd5 Rc8 10. c3 Qd7 11. Nxe7+ Nxe7 12. g4 Ng6 13. Bg5 c4 14. f4 cxd3 15.
Qxd3 Bc4 16. Qd2 exf4 17. Bxf6 gxf6 18. Rfd1 Bxe2 19. Qxe2 Ne5 20. Rd5 Kh8 21.
Rad1 Nc4 22. b3 Ne3 23. Rxd6 Qc7 24. R1d3 Qc5 25. Qf2 Qg5 26. c4 h5 27. R6d5
Nxd5 28. Rxd5 Qh6 29. Rxh5 Qxh5 30. gxh5 Rg8 31. Qxf4 Rg7 32. Kf2 Rcg8 33. Qxf6
Kh7 34. Bf3 b5 35. e5 bxc4 36. Be4+ Kh8 37. Qh6+ Rh7 38. Qxh7# {Black
checkmated} 1-0